 Dungeon Crawl Stone Soup version 0.14-a0-181-gf6fe0c6 (webtiles) character file.

132 Malachi the Gusty (level 3, -2/26 HPs)
             Began as a Demigod Air Elementalist on Oct 6, 2013.
             Slain by Sigmund
             ... wielding a +0,+2 scythe of dragon slaying
              (5 damage)
             ... on Level 2 of the Dungeon.
             The game lasted 00:03:55 (1913 turns).

Malachi the Gusty (Demigod Air Elementalist)        Turns: 1913, Time: 00:03:56

HP  -2/26        AC  3     Str 11      XL: 3   Next: 76%
MP   2/8         EV 13     Int 20      God:
Gold 62          SH  0     Dex 17      Spells:  2 memorised,  1 level left

Res.Fire  : . . .   See Invis. : .   j - +0 short sword (curse)
Res.Cold  : . . .   Warding    : .   a - +0 robe
Life Prot.: . . .   Conserve   : .   (no shield)
Res.Poison: .       Res.Corr.  : .   (no helmet)
Res.Elec. : .       Clarity    : .   k - +0 elf cloak
Sust.Abil.: . .     Spirit.Shd : .   (no gloves)
Res.Mut.  : .       Stasis     : .   (no boots)
Res.Rott. : .       Flight     : .   (no amulet)
Saprovore : . . .                    (no ring)
                                     (no ring)

@: very slightly contaminated, slightly resistant to hostile enchantments,
stealthy
A: no striking features
a: no special abilities


You were on level 2 of the Dungeon.
You were hungry.

You visited 1 branch of the dungeon, and saw 2 of its levels.

You collected 42 gold pieces.

Inventory:

Hand weapons
 j - a cursed +0,+0 short sword (weapon)
Armour
 a - a +0 robe (worn)
 k - a +0 elven cloak (worn)
Comestibles
 c - 4 bread rations
 q - 3 rotting chunks of hobgoblin flesh
Scrolls
 h - a scroll of teleportation {unknown}
 i - a scroll of random uselessness {unknown}
 l - a scroll of fear {unknown}
 m - a scroll of magic mapping {unknown}
 n - a scroll of curse armour {unknown}
 o - a scroll of recharging {unknown}
Potions
 d - 2 potions of agility {unknown}
 e - a potion of flight {unknown}
 f - a potion of heal wounds {unknown}
 g - 3 potions of curing {unknown}
 p - a potion of magic {unknown}
Books
 b - a book of Air

   Spells                             Type                      Level
   *Shock                             Conjuration/Air              1
   *Swiftness                         Charms/Air                   2
   Repel Missiles                     Charms/Air                   2
   Flight                             Charms/Air                   3
   Static Discharge                   Conjuration/Air              3
   Lightning Bolt                     Conjuration/Air              5


   Skills:
 + Level 2.2 Dodging
 + Level 1.8 Stealth
 + Level 1.1 Spellcasting
 + Level 1.0 Conjurations
 + Level 0.6 Charms
 * Level 3.9 Air Magic


You had one spell level left.
You knew the following spells:

 Your Spells              Type           Power        Failure   Level  Hunger
a - Shock                 Conj/Air       ##..         10%         1    ##.....
b - Swiftness             Chrm/Air       ##........   12%         2    ###....


Dungeon Overview and Level Annotations

Branches:
Dungeon (2/27)

Annotations:
D:2 Sigmund


Message History

Aim: an adder (heavily wounded)
The zap misses the adder.
The adder bites you.
Casting: Shock
Confirm with . or Enter, or press ? or * to list all spells.
Aiming: Shock
Press: ? - help, Shift-Dir - straight line, f/p - adder
Aim: an adder (heavily wounded)
The zap misses the adder.
The adder completely misses you. It hits you.
* * * LOW HITPOINT WARNING * * *
Casting: Shock
Confirm with . or Enter, or press ? or * to list all spells.
Aiming: Shock
Press: ? - help, Shift-Dir - straight line, f/p - adder
Aim: an adder (heavily wounded)
The zap hits the adder.
The adder is almost dead.
The adder closely misses you. The adder bites you.
* * * LOW HITPOINT WARNING * * *
It hits you.
You die...

.......##.##......)..
#...##..
.......##.##..........
##...##..
.......##..#..{.......
#8...8#..
.......###.'...{......
##...##.. ##.#####
###...........
#........ #.
###'####### #####...#
## #..# ######.. ##.##
#....... #.@#
##...##.. ##S#
#8...8#.. ...
##...##.. .....
#...##.. #.(...+
##...##.. #.....#
#⌠...8#.. ......#
##...##.. .(.....#
#...#### +## ##.%.##..


You could see an adder.

Vanquished Creatures
  2 adders (D:2)
  2 giant geckos
  An ooze (D:1)
  6 bats
  2 giant cockroaches (D:1)
  4 hobgoblins
  6 jackals (D:2)
  10 kobolds
  11 giant newts (D:1)
  4 goblins
  4 rats
52 creatures vanquished.

Notes
Turn   | Place    | Note
--------------------------------------------------------------
     0 | D:1      | Malachi, the Demigod Air Elementalist, began the quest for the Orb.
     0 | D:1      | Reached XP level 1. HP: 14/14 MP: 5/5
   256 | D:1      | Reached skill level 3 in Air Magic
   324 | D:1      | Reached XP level 2. HP: 20/20 MP: 0/6
  1100 | D:1      | Learned a level 2 spell: Swiftness
  1215 | D:2      | Reached XP level 3. HP: 26/26 MP: 0/8
  1740 | D:2      | Reached skill level 1 in Conjurations
  1901 | D:2      | Noticed Sigmund
  1913 | D:2      | Slain by Sigmund

Action                   || total
-------------------------++-------
Melee: Unarmed           ||     1
       Short sword       ||    35
 Cast: Shock             ||    93
       Swiftness         ||     4
